[Event "FRA-chT Top 12"]
[Site "Brest"]
[Date "2019.05.20"]
[Round "3.1"]
[White "Amin, Bassem"]
[Black "Santos Ruiz, Miguel"]
[Result "1-0"]
[ECO "C54"]
[WhiteElo "2704"]
[BlackElo "2549"]
[Annotator "Amin,B"]
[PlyCount "77"]
[EventDate "2019.05.18"]
[EventType "team-tourn"]
[EventRounds "11"]
[EventCountry "FRA"]
[SourceTitle "CBM 190 Extra"]
[Source "ChessBase"]
[SourceDate "2019.07.15"]
[SourceVersion "1"]
[SourceVersionDate "2019.07.15"]
[SourceQuality "1"]
[WhiteTeam "Clichy 92"]
[BlackTeam "Grasse echecs"]
[WhiteTeamCountry "FRA"]
[BlackTeamCountry "FRA"]
[TimeControl "40/5400+30:1800+30"]

1. e4 {[%emt 0:03:29] This is the second time I am playing in the Top 12 event
in France. I had played earlier in 2014. It is one of the strongest leagues in
the world, which also has a unique system. The matches are played eleven days
in a row unlike in Germany or Sweden, where they are held on the weekends.
It’s a good opportunity to play against eleven strong players.} e5 2. Nf3 Nc6 3. Bc4 Bc5 4. c3 Nf6 5. d3 a5 6. O-O d6 7. Re1 O-O 8. Nbd2 (8. h3 h6
9. Nbd2 Be6 10. Bb5 Qb8 11. Bxc6 bxc6 12. d4 exd4 13. cxd4 Bb4 14. a3 Bxd2 15.
Nxd2 Re8 16. b3 d5 17. e5 Nd7 18. Qh5 c5 19. Re3 f5 20. exf6 Bf7 21. Qh4 Rxe3
22. fxe3 Qe8 23. Nf3 Nxf6 24. dxc5 Bg6 25. Bb2 Qxe3+ 26. Kh2 Rf8 27. Bd4 Qxb3
28. Ne5 Be4 29. Ng4 Qc2 30. Rg1 Nxg4+ 31. Qxg4 Rf7 32. Rf1 Bf5 33. Qf4 Qe2 34.
Rf2 Qe6 35. Qe5 Qxe5+ 36. Bxe5 c6 37. g4 Be4 {Giri,A (2797)-Ding,L (2809)
Shenzhen 2019 1/2-1/2}) 8... Be6 9. a4 Qe7 10. Qb3 Rab8 11. h3 Nd7 12. Nf1 Bxc4 13.
Qxc4 Qe6 14. Qb5 Nb6 15. N1d2 Qg6 16. Qb3 Kh8 17. Qc2 f5 18. exf5 Qxf5 19. Ne4 Nd7 20. Be3 Bxe3 21. fxe3 Nf6 22. Nxf6 Rxf6 23. Rf1 Rbf8 24. Rf2 Qg6 25. Raf1 Qg3 26. Qe2 Ne7 27. Nd2 Rxf2 28. Rxf2 Qxf2+ 29. Qxf2 Rxf2 30. Kxf2 Kg8 31. Nc4 Nc6 32. Na3 Na7 33. e4 Kf7 34. d4 exd4 35. cxd4 Nc6 36. Ke3 Ke7 37. Nc4 b6 38. d5 Nb4 39. Kd4 1-0

[Event "ROM-GER Kings"]
[Site "Medias"]
[Date "2015.10.31"]
[Round "2.2"]
[White "Nevednichy, Vladislav"]
[Black "Wagner, Dennis"]
[Result "1/2-1/2"]
[ECO "C54"]
[WhiteElo "2557"]
[BlackElo "2575"]
[Annotator "Bulmaga,I"]
[PlyCount "80"]
[EventDate "2015.10.30"]
[EventType "schev"]
[EventRounds "5"]
[EventCountry "ROU"]
[SourceTitle "CBM 169"]
[Source "ChessBase"]
[SourceDate "2015.11.10"]
[SourceVersion "1"]
[SourceVersionDate "2015.11.10"]
[SourceQuality "1"]
[WhiteTeam "Romania"]
[BlackTeam "Germany"]
[WhiteTeamCountry "ROU"]
[BlackTeamCountry "GER"]
[TimeControl "40/5400+30:1800+30"]

1. e4 e5 2. Nf3 Nc6 3. Bc4 Bc5 4. c3 {Die Lieblingsvariaten des rumänischen
Großmeisters, in der er über viel Erfahrung verfügt.} Nf6 5. d3 a6 6. Bb3
Ba7 7. h3 d6 8. Nbd2 O-O 9. O-O h6 10. Re1 Be6 11. Bc2 Re8 12. Nf1 d5 13. exd5
Nxd5 {[#]} 14. Nxe5 $2 {Eine aggressive Fortsetzung - aber Schwarz ist noch
nicht entwickelt und könnte in Schwierigkeiten geraten.} Nxe5 15. Rxe5 Bxf2+
16. Kh1 Qf6 (16... Qh4 $5 17. Qf3 Bg4 18. Rxe8+ Rxe8 19. Qxg4 Qxg4 20. hxg4 Re1
21. g3 Be3 22. Bxe3 Rxa1 23. Kg2 Rxf1 24. Kxf1 Nxe3+ 25. Ke1 Nxc2+ $19) 17. d4
(17. Qe2 Bd7 18. d4 Rxe5 19. dxe5 Re8 $17) 17... c5 18. Qd3 g6 (18... cxd4 $2
19. Qh7+ Kf8 20. b3 $44) 19. Bxh6 cxd4 20. Qe4 (20. cxd4 $5 Nb4 21. Qd2 Bxd4
22. Rxe6 Rxe6 23. Bb3 Bxb2 24. Bg5 Rd8 25. Bxf6 Rxd2 26. Nxd2 Bxa1 27. Bxe6
Bxf6 28. Bb3 $44) 20... dxc3 21. Bg5 Qh8 $2 {[#]} (21... cxb2 22. Rb1 Qg7 23.
Rxb2 f5 $19) 22. Rd1 $1 Nf6 23. Qf3 $1 {Durch sein ungenaues Spiel hat Schwarz
hat dem Weißen Kompensation gegeben und nachdem GM Nevednichy zwei einzige
Züge gefunden hat, ist er wieder im Spiel. In Zeitnot ist der Ausgang völlig
offen.} Bh4 (23... Nh7 24. Bf4 $11) 24. Bxh4 Qxh4 25. bxc3 Rad8 {Schwarz steht
etwas besser, aber das reicht vielleicht nicht aus.} 26. Rxd8 Rxd8 27. Bb3 Bxb3
28. axb3 Nh5 29. Kh2 Kg7 30. Re4 Qf6 31. Qxf6+ Nxf6 32. Re7 Rd7 $6 (32... b5
33. c4 Rd3 34. cxb5 axb5 35. Re3 Rd1 $15) 33. Rxd7 Nxd7 34. Kg3 Kf6 35. Kf4 g5+
36. Ke3 Nc5 37. Nd2 Kf5 38. g3 Ne6 39. b4 Ke5 40. Kd3 f6 1/2-1/2

[Event "Olympiad-39"]
[Site "Khanty-Mansiysk"]
[Date "2010.09.22"]
[Round "2.3"]
[White "Mamedov, Rauf"]
[Black "Nguyen, Anh Dung"]
[Result "0-1"]
[ECO "C54"]
[WhiteElo "2660"]
[BlackElo "2500"]
[Annotator "CB"]
[PlyCount "116"]
[EventDate "2010.09.21"]
[EventType "team-swiss"]
[EventRounds "11"]
[EventCountry "RUS"]
[SourceTitle "CBM 139"]
[Source "ChessBase"]
[SourceDate "2010.11.18"]
[SourceVersion "1"]
[SourceVersionDate "2010.11.18"]
[SourceQuality "1"]
[WhiteTeam "Azerbaijan"]
[BlackTeam "Vietnam"]
[WhiteTeamCountry "AZE"]
[BlackTeamCountry "VIE"]
[TimeControl "40/5400+30:1800+30"]

1. e4 e5 2. Bc4 Nf6 3. d3 Nc6 4. Nf3 Bc5 5. c3 d6 6. Bb3 h6 7. Nbd2 O-O 8. h3
Be6 9. Nf1 d5 10. Qe2 Re8 11. g4 a5 12. Ba4 dxe4 13. dxe4 {#} Nxe4 $3 {A
beautiful shot, completely missed by White.} 14. Qxe4 Bd5 15. Qe2 e4 16. Bxc6
Bxc6 17. Nd4 {#} e3 $1 {White cannot protect the rook, and will lose the
exchange.} 18. Bxe3 ({Moving the rook away from the bishop's attack with} 18.
Rg1 {runs into} exf2+ 19. Kxf2 Rxe2+) (18. f3 {is equally disastrous after}
Qh4+ 19. Kd1 Bxd4 20. cxd4 Qf6 $1 21. Nh2 Ba4+ 22. Ke1 (22. b3 Qxd4+ 23. Kc2
Qxa1 24. bxa4 Qxa2+ 25. Bb2 Re5) 22... Qh4+ 23. Kf1 Bb5 $3 24. Qxb5 Qf2#) 18...
Bxh1 $19 {Try as he might, White was unable to save the game thereafter.} 19.
O-O-O Qf6 20. Ng3 Bxd4 21. Rxd4 Bf3 22. Qc4 Rad8 23. Rf4 Bd5 24. Qxc7 Qa6 25.
Qb6 Bxa2 26. Qxa6 bxa6 27. Kc2 Rb8 28. Nf5 Bb3+ 29. Kc1 a4 30. Nd4 a3 31. bxa3
Rec8 32. Bd2 Ba2 33. Nf5 Kh7 34. Nd6 Rc7 35. h4 Rb6 36. Nf5 Bb1 37. Ne3 Bd3 38.
Rb4 Rb5 39. Kb2 h5 40. g5 Re7 41. a4 Rxb4+ 42. cxb4 Re4 43. Ng2 Be2 44. Nf4 Bd1
45. a5 Rc4 46. Ka3 g6 47. Be3 Kg8 48. Bd2 Kf8 49. Be3 Ke7 50. Kb2 Kd6 51. b5
axb5 52. a6 Bf3 53. a7 Ke5 54. Nd3+ Kf5 55. Ne1 Ba8 56. Nc2 Rxh4 57. Nd4+ Rxd4
58. Bxd4 h4 0-1

[Event "EU-chT (Men) 20th"]
[Site "Reykjavik"]
[Date "2015.11.22"]
[Round "9.1"]
[White "Nisipeanu, Liviu Dieter"]
[Black "Mamedyarov, Shakhriyar"]
[Result "0-1"]
[ECO "C54"]
[WhiteElo "2683"]
[BlackElo "2743"]
[Annotator "CB"]
[PlyCount "72"]
[EventDate "2015.11.13"]
[EventType "team-swiss"]
[EventRounds "9"]
[EventCountry "ISL"]
[SourceTitle "CBM 170"]
[Source "ChessBase"]
[SourceDate "2016.01.15"]
[SourceVersion "1"]
[SourceVersionDate "2016.01.15"]
[SourceQuality "1"]
[WhiteTeam "Germany"]
[BlackTeam "Azerbaijan"]
[WhiteTeamCountry "GER"]
[BlackTeamCountry "AZE"]
[TimeControl "6000+1360"]
[WhiteClock "0:00:33"]
[BlackClock "0:30:59"]

1. e4 e5 2. Nf3 Nc6 3. Bc4 Bc5 4. O-O Nf6 5. d3 d6 6. c3 O-O 7. Nbd2 a6 8. Bb3
Ba7 9. h3 Re8 10. Re1 Be6 11. Nf1 h6 12. Bc2 d5 13. exd5 Bxd5 14. Ng3 Qd7 15.
b4 Rad8 16. a4 b5 17. axb5 axb5 18. Nh4 Bb6 19. Nhf5 Ne7 {Diagramm [#]} 20.
Nxg7 (20. Nxe7+ Rxe7 {kann nicht die Intention des Manövers Sh4-Sf5 sein -
Schwatz steht strukturell besser und muss am Königsflügel nichts mehr
befürchten}) (20. Rxe5 Nxf5 21. Rxf5 Qc6 $1 {und Weiß hat Probleme alle
Problemstellen zu versorgen}) 20... Kxg7 21. Rxe5 Ng6 22. Bxh6+ Kxh6 23. Nf5+
Kh7 24. Qc1 Kg8 25. Qh6 {Diagramm [#]} Nh5 $1 {gibt eine der beiden
Mehrfiguren zurück und gewinnt dafür wichtige Zeit zur Konsolidierung} 26.
Rxe8+ Rxe8 27. Qxh5 Qc6 28. c4 bxc4 29. d4 Be6 30. Ba4 Qa8 31. Nh6+ Kg7 32. d5
Bd7 33. Nxf7 Bxa4 34. Ra3 Bxf2+ 35. Kxf2 Qa7+ 36. Kf1 c3 0-1

[Event "FRA-chT Top 12"]
[Site "Brest"]
[Date "2019.05.25"]
[Round "8.4"]
[White "Movsesian, Sergei"]
[Black "Wagner, Dennis"]
[Result "0-1"]
[ECO "C54"]
[WhiteElo "2645"]
[BlackElo "2578"]
[Annotator "Dhananjay Khadilkar"]
[PlyCount "112"]
[EventDate "2019.05.18"]
[EventType "team-tourn"]
[EventRounds "11"]
[EventCountry "FRA"]
[SourceTitle "CBM 190 Extra"]
[Source "ChessBase"]
[SourceDate "2019.07.15"]
[SourceVersion "1"]
[SourceVersionDate "2019.07.15"]
[SourceQuality "1"]
[WhiteTeam "Asnieres"]
[BlackTeam "Nice-Alekhine"]
[WhiteTeamCountry "FRA"]
[BlackTeamCountry "FRA"]
[TimeControl "40/5400+30:1800+30"]

1. e4 e5 2. Nf3 Nc6 3. Bc4 Bc5 4. O-O Nf6 5. d3 a6 6. c3 d6 7. a4 h6 8. Nbd2 (8. Re1 O-O 9. h3 a5 10. d4 Ba7 11. Bb3 Re8 12. Bc2
Bd7 13. Na3 Qc8 14. Nb5 Bb6 15. Bb1 exd4 16. cxd4 Nb4 17. Ra3 Re7 18. e5 dxe5
19. dxe5 Nfd5 20. Nh4 Qe8 21. Qe2 Nc6 22. Nf3 Rd8 23. Kh2 f5 24. g4 fxg4 25.
Qd3 g6 26. Qxd5+ Be6 27. Qe4 gxf3 28. Rg1 Bf7 29. Ba2 Bxa2 30. Rxg6+ Qxg6 31.
Qxg6+ Rg7 32. Qxg7+ Kxg7 33. Rxa2 Rd1 34. Ra1 Kf7 {0-1 (34) Giri,A (2797)
-Karjakin,S (2753) Shamkir 2019}) 8... O-O 9. Re1 Ne7 10. Nf1 Ng6 11. Ng3 c6 12. Bb3 Bg4 $146 (12... Ba7 13. d4 Re8 14. h3 d5 15. Nxe5 Nxe5 16. dxe5 Nxe4 17.
Nxe4 dxe4 18. Qxd8 Rxd8 19. g4 h5 20. Rxe4 Be6 21. Bc2 Bd5 22. Rb4 hxg4 23.
Rxg4 Be6 24. Rg3 Rd5 25. Bg5 Kf8 26. Re1 Bb8 27. Bf4 Bc7 28. h4 Rad8 29. h5 Bb6
30. h6 gxh6 31. Bxh6+ Ke8 32. Kg2 Kd7 33. Bb3 Ra5 34. Bc2 Rd5 35. Be4 Ra5 36.
Bg5 Re8 37. Bc2 Kc8 38. b4 Rd5 39. Bf6 Rd2 40. Be4 Bxf2 41. Rf1 Be1+ 42. Kf3 {
Topalov,V (2761)-Fressinet,L (2687) Paris 2016 0-1}) 13. h3 Qb6 14. Be3 Bxf3 15. gxf3 Bxe3 16. fxe3 a5 17. Nf5 d5 $132 18. Kh2 Rad8 19. Rg1 Kh8 20. Qc2 Rd7 21. Rg2 Ne7 22. Nxe7 Rxe7 23. Re1 Nh5 24. Ba2 f5 25. Qf2 fxe4 26. Qh4 Nf6 27. fxe4 dxe4 28. dxe4 Qd8 29. Reg1 Rd7 30. Be6 Rd2 31. Bf5 Rxg2+ 32. Rxg2 Qe7 33. Qg3 Rd8 34. Qg6 Rd3 35. Qg3 Rd6 36. Qg6 Rd3 37. Qg3 Qc7 38. Be6 Nxe4 {[%emt 0:03:45] Wagner fell into a trap here with 38...Nxe4 (...Rd6 is
balanced) as 39.Qg6 Nf6 gives White a winning attack. But on the last move of
the first time control, Movsesian missed it!} (38... Rd6) 39. Qg6 Nf6 40. e4 $2 {[%emt 0:01:40] The Armenian GM played 40.
e4? which allowed Wagner to consolidate his pawn advantage by 40...♛e7.
Movsesian tried to maintain the pressure, but the black king escaped while
White's ended up in hot water.} Qe7 41. Bf5 Rd8 42. Qg3 Rd6 43. Qg6 Rd3 44. Kh1 Rd6 45. Kh2 Kg8 46. Kh1 Kf8 47. Rf2 Rd3 48. Bg4 Kg8 49. Be2 Rxh3+ 50. Kg2 Rh4 51. Bc4+ Kf8 52. Qh7 Ke8 53. Qf5 Kd8 54. Re2 Rg4+ 55. Kh2 Rf4 56. Qg6 Rh4+ 0-1

[Event "EU-ch 12th"]
[Site "Aix les Bains"]
[Date "2011.03.22"]
[Round "1"]
[White "Bologan, Viktor"]
[Black "Dragomirescu, Robin Alexandru"]
[Result "1-0"]
[ECO "C54"]
[WhiteElo "2671"]
[BlackElo "2385"]
[Annotator "Marchand,A/Primel,D"]
[PlyCount "62"]
[EventDate "2011.03.22"]
[EventType "swiss"]
[EventRounds "11"]
[EventCountry "FRA"]
[SourceTitle "CBM 142 Extra"]
[Source "ChessBase"]
[SourceDate "2011.06.27"]
[SourceVersion "1"]
[SourceVersionDate "2011.06.27"]
[SourceQuality "1"]
[TimeControl "40/5400+30:1800+30"]

1. e4 e5 2. Nf3 Nc6 3. Bc4 Bc5 4. O-O (4. b4 Bxb4 5. c3 Bd6 6. d4 Nf6 7. O-O
O-O 8. Re1 h6 9. Nbd2 Re8 10. Qb3 Re7 11. Nh4 {Petrosian,T (2623)-Volokitin,A 
(2671) EU-ch 10th Budva 2009 (6) 0-1} (11. Bd3 b6 12. Nc4 $14 Ba6 13. Nxd6 Bxd3
14. Nf5 {Volokitin})) (4. c3 Nf6 5. d4 exd4 6. e5 d5 7. Be2 Ne4 8. cxd4 Bb4+ 9.
Bd2) 4... Nf6 5. d3 d6 6. c3 O-O 7. h3 (7. b4 $5 {Peut-être un
peu meilleur car les Blancs gagnent un tempo par rapport а la partie} Bb6 8. a4 a6 9. Nbd2 Ne7 10. a5 $14 {Short,N (2701)-Zhang Zhong (2658)
Beijing Kings Challenge rapid 2003 (2) 1-0}) (7. Bb3 {La grande ligne}) 7... a6 8. Bb3 Ba7 9. Re1 (9. Nbd2 h6 10. Re1 Nh5 11. Nf1 Qf6 ) 9... h6 10. Nbd2 Re8 11. Nf1 Be6 12. Bc2 d5 $5
13. Qe2 ({RR} 13. exd5 Bxd5 14. Ng3 Qd6 15. Qe2 Rad8 16. Ne4 Qe6 17. Nfd2 Nd7
18. Qh5 Ne7 19. Ng3 Qg6 20. Qxg6 Nxg6 21. Ngf1 f5 22. Ne3 Be6 23. Nb3 f4 24.
Nc4 Bd5 25. Ncd2 Nh4 26. Ne4 Re6 27. d4 Rg6 {Bologan,V (2688)-Efimenko,Z (2654)
/Kragujevac 2009/CBM 132 Extra/0-1 (40)}) 13... b5 ({RR} 13... Qd7 14. Ng3 Rad8
15. Bd2 Bc5 16. Rad1 d4 17. Bb1 b5 18. Rc1 dxc3 19. bxc3 Bf8 20. Be3 a5 21. d4
Bc4 22. Qb2 Qe7 23. d5 Nb8 24. Nd2 c6 25. Nxc4 bxc4 26. Nf5 Qa3 27. Qe2 cxd5
28. exd5 {Gelfand,B (2720)-Kramnik,V (2788)/Moscow 2008/CBM 126 Extra/1/2-1/2 
(36)}) 14. N3h2 dxe4 ({RR} 14... d4 15. Ng3 Qd6 16. a3 a5 17. Bd2 Red8 18. Rec1
dxc3 19. bxc3 b4 20. cxb4 axb4 21. Bxb4 Nxb4 22. axb4 Qxb4 23. Nf3 Nd7 24. Rab1
Qa3 25. Nf5 Bb6 26. Rd1 Qc3 27. Qd2 Qxd2 28. Rxd2 Kf8 29. Bb3 {Petrosian,T 
(2620)-Alekseev,E (2688)/Tashkent 2011/CBM 141 Extra/1/2-1/2}) 15. dxe4 Qe7
$146 ({RR} 15... Ne7 16. Rd1 Qc8 17. Qf3 Nh7 18. Ng4 Ng6 19. Nfe3 Rd8 20. Nf5
Rxd1+ 21. Qxd1 Qd8 22. Qe1 h5 23. Nh2 Nf4 24. Bxf4 exf4 25. Rd1 Qe8 26. Qd2
Bxf5 27. exf5 Qe5 28. Re1 Qd6 29. Qxd6 cxd6 30. Re7 {Alekseev,E (2715)-Caruana,
F (2652)/Khanty-Mansiysk 2009/CBM 134/1/2-1/2 (55)}) (15... Na5 16. Ng3 c5 17.
Nf5 ) (15... b4) 16. Ng3 (16. Ne3 ) 16...
Rad8 17. a4 $1 b4 18. Qxa6 Rd6 19. Qe2 b3 (19... Red8)
20. Bd3 Red8 21. Bb5 Na5 22. Qf3 Nh7 23. Nf5 $16 Bxf5 24. exf5 e4 {Les Noirs
espèrent exploiter l'avance de développement mais les compensations sont assez
faibles.} 25. Rxe4 Rd1+ 26. Nf1 Qf6 27. Re8+ $1 Nf8 28. Qg4 R8d6 $4 29. Bxh6 Rxf1+ (29... Rxa1 30. Bg5 ) 30. Rxf1 Qxh6 31. Qe4 Bb6
{Dominique PRIMEL} 1-0

[Event "FRA-chT Top 12"]
[Site "Brest"]
[Date "2019.05.27"]
[Round "10.1"]
[White "Ragger, Markus"]
[Black "Harikrishna, Pentala"]
[Result "1/2-1/2"]
[ECO "C54"]
[WhiteElo "2682"]
[BlackElo "2730"]
[Annotator "Mekhitarian,K"]
[PlyCount "38"]
[EventDate "2019.05.18"]
[EventType "team-tourn"]
[EventRounds "11"]
[EventCountry "FRA"]
[SourceTitle "CBM 190 Extra"]
[Source "ChessBase"]
[SourceDate "2019.07.15"]
[SourceVersion "1"]
[SourceVersionDate "2019.07.15"]
[SourceQuality "1"]
[WhiteTeam "Bischwiller"]
[BlackTeam "Asnieres"]
[WhiteTeamCountry "FRA"]
[BlackTeamCountry "FRA"]
[TimeControl "40/5400+30:1800+30"]

1. e4 e5 2. Nf3 Nc6 3. Bc4 Bc5 4. c3 Nf6 5. d3 d6 6. O-O a6 7. Bb3 Ba7 8. Nbd2 O-O 9. Re1 h6 10. Nf1 Re8 11. h3 Be6 12. Ng3 Bxb3 13.
Qxb3 Qd7 14. Be3 Bxe3 15. Rxe3 (15. fxe3 d5 16. exd5 Qxd5 17. Qxd5
Nxd5 18. Rad1 Rad8 19. Rd2 b6) 15... d5 16. Rae1 (16. Re2 dxe4 17. dxe4 Na5 18. Qc2 Rad8 19. Rd2 Qe6 20. b3 Rxd2 21. Qxd2
Nc6 22. Rd1 Rd8 23. Qe2 Rd6 24. Nh4 Ne7 25. Qf3 g6 26. Qe2 Kg7 27. Nf3 Nc6 28.
Kh2 Qd7 29. Rxd6 Qxd6 30. a4 Na5) 16... Na5 $146 ({RR} 16...
dxe4 17. Nxe4 Nxe4 ({RR} 17... Nd5 18. Nc5) 18. Rxe4 ({RR} 18. dxe4 Red8) 18...
Qxd3 19. Qxb7 ({RR} 19. Nxe5 Nxe5 20. Rxe5 Rxe5 21. Rxe5 b6 22. Re7 ({RR} 22.
Qd5 Qxd5 23. Rxd5 Re8 24. Kf1 Kf8 25. Rd7 Re7) 22... Qb1+ 23. Kh2 Qf5 24. Re2
Rd8) 19... Qb5 20. Qxb5 ({RR} 20. Qxc7 Rac8 21. Qd7 Qxb2 ({RR} 21... Red8 22.
Qf5 Qxb2 23. Rg4 Ne7 24. Qxe5 ({RR} 24. Qh5 Ng6 25. Nxe5 Re8 26. Rge4 Rxe5 27.
Rxe5 Nxe5 28. Qxe5 Qxc3) 24... Ng6) 22. Rf4 ({RR} 22. Rc4 Qb5 ({RR} 22... Red8
23. Qf5 Qb8 24. Rg4 Qd6) 23. Rf4 f6 24. Rg4 g5) 22... Ne7 23. Nxe5 Rcd8 24. Qg4
Qxc3 25. Re3 f5 26. Qh5 Qa1+ 27. Kh2 Rf8 28. Ng6 Nxg6 29. Qxg6 Qf6 30. Re6 Qxg6
31. Rxg6 a5 32. Ra6 Rd5) 20... axb5 21. Nxe5 ({RR} 21. a3 f6) 21... Rxe5 22.
Rxe5 Nxe5 23. Rxe5 b4 ({RR} 23... Rxa2 24. Rxb5) 24. cxb4 ({RR} 24. Rb5 bxc3
25. bxc3 Rxa2 26. Rb7 g5 ({RR} 26... c5 27. Rb5) 27. Rxc7 Rc2 28. g3 Kg7 29.
Kg2 Kg6 30. Kf3 h5 31. c4 h4 ({RR} 31... g4+ 32. hxg4 hxg4+ 33. Ke3 ({RR} 33.
Kxg4 Rxf2) 33... f6 34. c5 Kf5 35. c6 Ke5 36. Kd3 Rxf2 ({RR} 36... Rc1 37. Rc8
Kd6 38. Rf8 Ke7 39. Rg8 Rxc6 40. Rxg4) 37. Re7+ Kd6 38. c7) 32. gxh4 gxh4 33.
c5 f6 34. c6 Kf5 35. Ke3 ({RR} 35. Rc8 Rc3+ 36. Kg2 Kf4 37. c7 f5) 35... Ke5)
24... Rxa2 25. Re8+ Kh7 26. Re7 Rxb2 27. Rxc7 Rxb4 28. Rxf7 h5 29. g3 Kh6 30.
Kg2 Rb3 31. g4 {Supi,L (2470)-Mekhitarian,K (2563) Pocos de Caldas 2016 CBM
172 [Mekhitarian,K] 1/2-1/2 (39)}) 17. Qa3 ({RR} 17. Qc2 dxe4
18. Nxe4 Nd5) 17... Nc6 18. Qb3 ({RR} 18.
R3e2 dxe4 19. Nxe4 Nd5 20. Nc5 Qf5) 18... Na5 19. Qa3 Nc6 1/2-1/2

[Event "Metz op 31th"]
[Site "Metz"]
[Date "2013.04.25"]
[Round "9"]
[White "Degraeve, Jean Marc"]
[Black "Greenfeld, Alon"]
[Result "0-1"]
[ECO "C54"]
[WhiteElo "2567"]
[BlackElo "2545"]
[Annotator "Metz Alekhine/Primel,D"]
[PlyCount "48"]
[EventDate "2013.04.20"]
[EventType "swiss"]
[EventRounds "9"]
[EventCountry "FRA"]
[SourceTitle "EXT 2016"]
[Source "ChessBase"]
[SourceDate "2015.10.08"]
[SourceVersion "1"]
[SourceVersionDate "2015.10.08"]
[SourceQuality "1"]
[TimeControl "40/5400:1800+30"]
[WhiteClock "1:30:00"]
[BlackClock "1:30:00"]

1. e4 e5 2. Nf3 Nc6 3. Bc4 Nf6 4. d3 Bc5 5. O-O (5. c3 {La grande ligne} a6 (
5... d6 6. O-O O-O 7. Bb3 (7. Nbd2)) 6. Bb3 Ba7 7. h3 d5 8. Qe2 O-O 9. Bg5 dxe4
10. dxe4 h6 11. Bh4 Qe7 12. Nbd2 Be6 13. Bc2 g5 14. Bg3 Nd7 15. h4 f6 16. O-O-O
Bg4 $2 {Tiviakov,S (2658)-Sammalvuo,T (2453) Kurdistan op 2nd 2013 (5) 1-0} (
16... g4 $8 17. Nh2 h5 $132)) 5... d6 6. c3 a6 (6... O-O) 7. Bb3 Ba7 8. Nbd2
O-O 9. Re1 (9. h3) (9. Nc4) 9... Ng4 10. Re2 Kh8 11. h3
Nh6 12. Nf1 (12. g4 {L'alternative pour empêcher la poussée
f5 mais au détriment d'un sérieux affaiblissement des cases Noires de
l'aile-roi} Nxg4 $1 13. hxg4 Bxg4 14. Nh2 Qh4 $44 {Izmukhambetov,S (2530)
-Aronian,L (2390) RUS-Cup2 Moscow 1996 (2) 1/2-1/2}) 12... f5 $132 13. Bg5 (13.
Bxh6) (13. d4 fxe4 14. Rxe4 d5 15. Bg5 (15. Rxe5 $5 $146 Nxe5 16. Nxe5 Qf6 17.
Be3 $44) 15... dxe4 $13 {Gipslis,A (2465)-Hector,J (2470) BL2-Nord 9798 1997 
(4.1) 1/2-1/2}) (13. Bxh6 gxh6 14. exf5 Bxf5 15. Bd5 Qf6 16. Qd2 Ne7 17. Bxb7
Rab8 18. Be4 Bxh3 19. gxh3 Rg8+ 20. Kh1 d5 21. N1h2 dxe4 22. Rxe4 Ng6 23. Qxh6
Rxb2 24. Nxe5 Rxf2 25. Nxg6+ Qxg6 26. Qxg6 Rxg6 27. d4 Rc2 28. Re3 c5 29. Re7
Bb8 30. Ng4 Rxc3 31. Rb1 Rxh3+ 32. Kg2 Rg3+ 33. Kf2 R3xg4 34. Rxb8+ Rg8 35.
Rxg8+ Kxg8 36. dxc5 Rc4 37. Ra7 Rxc5 38. Rxa6 {1/2-1/2 (38) Vocaturo,D (2581)
-Haslinger,S (2543) Hoogeveen 2010}) 13... Qd7 (13... Qe8 {Plus naturel} 14.
exf5 Nxf5 $132 {Winge,S (2346)-Barkhagen,J (2521) SWE-chT 0405 2004 (4) 0-1})
14. Bxh6 gxh6 15. exf5 Rxf5 $146 (15... Qg7 16. Ne3 Ne7 17. Kh1 Nxf5 18. Ng4
Ne7 {1/2-1/2 (18) Hiermann,D (2310)-Eidner,F (2000) Germany 2008}) 16. Bd5 Qg7 17. d4 Bd7 18. Ne3 Rh5 (18... Rxf3 19. Bxf3 exd4
$44) 19. dxe5 Bxh3 $1 20. exd6 cxd6 21. Bxc6 bxc6 22. Qxd6 Rf8 23. Qg3 $13 Qxg3 24. fxg3 Bg4 {Suite illisible et gain Noir au
86ème coup.} 0-1

[Event "Tata Steel-A 79th"]
[Site "Wijk aan Zee"]
[Date "2017.01.21"]
[Round "7"]
[White "So, Wesley"]
[Black "Eljanov, Pavel"]
[Result "1/2-1/2"]
[ECO "C54"]
[WhiteElo "2808"]
[BlackElo "2755"]
[Annotator "Yermolinsky,A"]
[PlyCount "75"]
[EventDate "2017.01.14"]
[EventType "tourn"]
[EventRounds "13"]
[EventCountry "NED"]
[EventCategory "21"]
[SourceTitle "CBM 177"]
[Source "ChessBase"]
[SourceDate "2017.03.16"]
[SourceVersion "1"]
[SourceVersionDate "2017.03.16"]
[SourceQuality "1"]
[TimeControl "40/6000+30:20/3000+30:900+30"]

1. e4 e5 2. Nf3 Nc6 3. Bc4 Bc5 4. O-O Nf6 5. d3 d6 6. c3 a6 7. a4 Ba7 8. Na3 (8. Re1 h6 9. Na3 O-O 10. Nc2 Ne7 11. Be3 Bxe3 12. Nxe3
c6 13. a5 d5 14. Bb3 Ng6 15. exd5 cxd5 16. d4 e4 17. Ne5 Ne7 18. f3 Be6 19.
fxe4 Nxe4 20. Nxd5 Bxd5 21. Bxd5 Qxd5 22. c4 Qe6 23. Rxe4 f6 24. Qg4 f5 25. Qh3
Nc6 26. Rd1 Rad8 27. Nxc6 Qxc6 28. Re7 Qxc4 29. Qc3 Qxc3 30. bxc3 Rf7 31. Rxf7
Kxf7 32. Rb1 Rd7 33. Kf2 Rc7 34. Rb3 f4 35. Kf3 g5 36. Ke4 Kg6 37. Rb6+ Kh5 {
Carlsen,M (2840)-Inarkiev,E (2709) Doha 2016 1-0}) 8... h6 9.
Nc2 Qe7 $146 (9... O-O 10. Be3 Bxe3 11. Nxe3
Ne7 12. Qc2 c6 13. d4 exd4 14. Nxd4 Bd7 15. a5 c5 16. Nb3 b5 17. axb6 Qxb6 18.
Rfd1 Rfd8 19. Nd2 Bc6 20. Bf1 a5 21. g3 d5 22. exd5 Nexd5 23. Nec4 Qc7 24. Nb3
a4 25. Nbd2 Nb6 26. Ne3 a3 27. b3 Qe5 28. Bg2 Bxg2 29. Kxg2 Nbd5 30. Nxd5 Rxd5
31. Nc4 Rxd1 32. Qxd1 Qxc3 33. Rxa3 Re8 34. Qf3 Qd4 35. Ra8 Rxa8 36. Qxa8+ Kh7
37. Qf3 Kg8 38. Qa8+ Kh7 39. Qf3 {Cornette,M (2597)-Bacrot,E (2689) London
2016 1/2-1/2 (63)}) 10. Be3 Be6 11. Bxe6 Qxe6 12. Bxa7 Rxa7 13. d4 Ne7 14. Nd2 O-O 15. Qe2 Raa8 16. g3 Rfe8 17. a5 Rac8 18. d5 Qd7 19. Ne3 Nh7 20. Ra3 Rf8 21. Rb3 Rb8 22. Ra1 f5 23. exf5 Nxf5 24. Qg4 h5 25. Qxh5 Nxe3 26. fxe3 Rf5 27. Qh4 {[%emt 0:06:58] Although he took
it sportingly, White missed a chance to obtain a decisive advantage three
straight moves with the same shot.} Ng5 (27... Rbf8 $1 28. g4
R5f6 29. c4 Qe7 {threatening Rf1+ with a discovered attack on the queen.} 30.
Qg3 Qf7 {and Black's attack becomes unstoppable.}) 28. Rb4 e4 (28... Rbf8 $1 29. Rg4 Nh7 30. c4 Qf7 31. Qh3 Ng5 {and again
Black's advantage should be decisive.}) 29. Kg2 Qf7 ({This was the most definitive as th king exposed on g2 means the Rf2+
threat has that much more bite.} 29... Rbf8 $1 30. Nxe4 Nf3 31. Qh3 Qe8 32. Qg4
Qf7 {and Black is winning.}) 30. Nxe4 Qxd5 (
30... Nf3 {was the last chance to keep the edge.} 31. Qh3 Qxd5) 31. Rd4 Nf3 32. Nf6+ Rxf6 33. Rxd5 Nxh4+ 34. gxh4 Rbf8 35. Rd2 Rg6+ 36.
Kh1 Rf3 37. Re1 Re6 38. Rd4 1/2-1/2